 Dungeon Sprint DCSS version 0.26.1-11-gd32895ea62 (webtiles) character file.

Game seed: 2968629108295491032

58 Zeld the Chopper (level 3, -6/36 HPs)
             Began as a Minotaur Berserker on June 13, 2021.
             Was a Believer of Trog.
             Killed from afar by an oklob sapling priest (17 damage)
             ... with a splash of acid
             ... in the Dungeon (Sprint IV: "Fedhas' Mad Dash").
             The game lasted 00:00:22 (772 turns).

Zeld the Chopper (Minotaur Berserker)                Turns: 772, Time: 00:00:23

Health: -6/36      AC:  2    Str: 22    XL:     3   Next: 75%
Magic:  0/2        EV: 13    Int:  4    God:    Trog [**....]
Gold:   53         SH:  0    Dex:  9    Spells: 2/2 levels left

rFire    . . .     SeeInvis .   a - +0 hand axe
rCold    . . .     Faith    .   (no shield)
rNeg     . . .     Spirit   .   b - +0 animal skin
rPois    .         Reflect  .   (helmet restricted)
rElec    .         Harm     .   (no cloak)
rCorr    .         Rampage  .   (no gloves)
Will     .....     NoTele   +   (no boots)
Stlth    +.........             i - amulet of invisibility {+Inv}
HPRegen  0.12/turn              (no ring)
MPRegen  0.08/turn              (no ring)

@: very slightly contaminated, invisible (expiring)
A: retaliatory headbutt, horns 2
a: Renounce Religion, Evoke Invisibility, Berserk, Trog's Hand


You were in the Dungeon.
You worshipped Trog.
Trog was pleased with you.
You visited 1 branch You collected 53 gold pieces.

Inventory:

Hand Weapons
 a - a +0 hand axe (weapon)
Armour
 b - a +0 animal skin (worn)
Jewellery
 i - the amulet of invisibility (around neck) {+Inv}
   (You found it in the Dungeon)

   [amulet of nothing]

   It lets you turn invisible.
Scrolls
 h - a scroll of blinking
Potions
 c - a potion of curing
 d - a potion of heal wounds
 e - a potion of haste
 f - 2 potions of magic
 g - a potion of berserk rage


   Skills:
 + Level 5.3 Fighting
 * Level 6.7 Axes
 + Level 4.5 Armour
 + Level 4.1 Dodging


You had 2 spell levels left.
You didn't know any spells.
Your spell library was empty.

Dungeon Overview and Level Annotations

Branches:
Dungeon (1/1)

Altars:
Cheibriados
Dithmenos
Elyvilon
Gozag
Hepliaklqana
Kikubaaqudgha
Makhleb
Nemelex Xobeh
Okawaru
Qazlal
Ru
Sif Muna
Trog
Uskayaw
Vehumet
Wu Jian
Xom
Yredelemnul
Zin
The Shining One
Beogh
Jiyva
Lugonu

Annotations:
D exclusion: oklob sapling


Innate Abilities, Weirdness & Mutations

You reflexively headbutt those who attack you in melee.
You have a pair of horns on your head.


Message History

Found three altars.
There is an opulent altar of Gozag here.
Found a corrupted altar of Lugonu and a radiant altar of Vehumet.
There is a hazy altar of Hepliaklqana here.
You hit the oklob sapling priest.
You headbutt the oklob sapling priest, but do no damage.
The oklob sapling priest is lightly damaged.
You hit the oklob sapling priest but do no damage.
The oklob sapling priest is lightly damaged.
The oklob sapling priest spits acid at you.
The splash of acid hits you!
You are splashed with acid!
You are too injured to fight recklessly!
You are too injured to fight recklessly!
You are too injured to fight recklessly!
You slash the oklob sapling priest!
The oklob sapling priest is severely damaged.
You flicker for a moment.
The oklob sapling priest spits acid at you.
The splash of acid hits you!
You die...

########################
....#.....#.⌠._._._._.⌠.
[...'.#...'.._._@_._._..
....#.#...#..._._P_._...
########+##.._._._._._..
#._._._._._.⌠.
##############


You could see an oklob sapling priest.

Vanquished Creatures
  An oklob sapling (D)
  A worker ant (D)
  A river rat (D)
  A rat (D)
4 creatures vanquished.

Notes
Turn   | Place    | Note
-------+----------+-------------------------------------------
     0 | D        | Zeld the Minotaur Berserker began the quest for the Orb.
     0 | D        | Reached XP level 1. HP: 19/19 MP: 0/0
    10 | D        | Reached skill level 4 in Axes
    10 | D        | Reached XP level 2. HP: 22/27 MP: 1/1
   333 | D        | Noticed an oklob sapling
   336 | D        | Killed an oklob sapling
   336 | D        | Reached ** piety under Trog
   337 | D        | Reached skill level 5 in Fighting
   337 | D        | Reached skill level 6 in Axes
   337 | D        | Reached XP level 3. HP: 23/36 MP: 2/2
   597 | D        | Found the amulet of invisibility {+Inv}
   762 | D        | Found an opulent altar of Gozag.
   762 | D        | Found a hazy altar of Hepliaklqana.
   762 | D        | Found a burning altar of Makhleb.
   762 | D        | Found a roughly hewn altar of Beogh.
   762 | D        | Found a sparkling altar of Nemelex Xobeh.
   762 | D        | Found a snail-covered altar of Cheibriados.
   762 | D        | Found a sacrificial altar of Ru.
   762 | D        | Found a shimmering blue altar of Sif Muna.
   762 | D        | Found a shimmering altar of Xom.
   762 | D        | Found a basalt altar of Yredelemnul.
   763 | D        | Found a viscous altar of Jiyva.
   763 | D        | Found a bloodstained altar of Trog.
   763 | D        | Found an ornate altar of the Wu Jian Council.
   763 | D        | Noticed an oklob sapling priest
   764 | D        | Found an iron altar of Okawaru.
   764 | D        | Found a shadowy altar of Dithmenos.
   764 | D        | Found a glowing silver altar of Zin.
   765 | D        | Found an ancient bone altar of Kikubaaqudgha.
   765 | D        | Found a hide-covered altar of Uskayaw.
   766 | D        | Found a stormy altar of Qazlal.
   766 | D        | Found a white marble altar of Elyvilon.
   766 | D        | Found a glowing golden altar of the Shining One.
   767 | D        | Found a corrupted altar of Lugonu.
   767 | D        | Found a radiant altar of Vehumet.
   772 | D        | Killed from afar by an oklob sapling priest

Illustrated notes

Levels and vault maps discovered:
D:        dungeon_sprint_fedhas [sprint_temple]

Skill      XL: |  1  2  3 |
---------------+----------+-----
Fighting       | 4 5 |  5.3
Axes           | 4 6 |  6.7
Armour         | 3 4 |  4.5
Dodging        | 3 4 |  4.1

Action                   || total
-------------------------++-------
Melee: Hand axe          ||     8
       Headbutt          ||     2
Invok: Berserk           ||     3
 Abil: Evoke Invisibilit ||     1
Dodge: Dodged            ||     1
